 Dungeon Crawl Stone Soup version 0.20-a0-46-g4a4b873 (webtiles) character file.

12191 sveltemanboy the Grappler (level 11, -10/64 HPs)
             Began as a Demonspawn Gladiator on Nov 12, 2016.
             Was a Priest of Hepliaklqana.
             Mangled by Snorg (20 damage)
             ... on level 11 of the Dungeon on Nov 13, 2016.
             The game lasted 00:32:34 (11093 turns).

sveltemanboy the Grappler (Demonspawn Gladiator)   Turns: 11093, Time: 00:32:35

Health: -10/64     AC: 24    Str: 18    XL:     11   Next: 59%
Magic:  17/17      EV:  9    Int: 11    God:    Hepliaklqana [***...]
Gold:   227        SH:  0    Dex: 15    Spells: 0 memorised, 10 levels left

rFire  . . .     SeeInvis +       - Unarmed
rCold  + . .     Gourm    .     h - +6 chain mail "Mipewno" {MR+ Dex+2}
rNeg   . . .     Faith    .     (no shield)
rPois  .         Spirit   .     G - +2 hat
rElec  .         Reflect  .     e - +0 cloak
rCorr  .         Harm     .     b - +2 pair of gloves
MR     +....                    C - +1 pair of boots
Stlth  ..........               y - amulet of magic regeneration
                                (no ring)
                                J - ring of see invisible

@: no status effects
A: reduced essence, antennae 2, claws 2, cold resistance 1, demonic guardian 1,
powered by death 2
a: Recall Ancestor, Ancestor Identity, Transference, Renounce Religion


You were on level 11 of the Dungeon.
You worshipped Hepliaklqana.
Hepliaklqana was most pleased with you.
You were not hungry.

You visited 2 branches of the dungeon, and saw 12 of its levels.

You collected 512 gold pieces.
You spent 285 gold pieces at shops.

Inventory:

Missiles
 p - 21 tomahawks (quivered)
Armour
 b - a +2 pair of gloves (worn)
 d - a +0 shield
 e - a +0 cloak (worn)
 h - the +6 chain mail "Mipewno" (worn) {MR+ Dex+2}
   (You bought it in a shop on level 9 of the Dungeon)

   It affects your dexterity (+2).
   It affects your resistance to hostile enchantments.
 C - a +1 pair of boots (worn)
 G - a +2 hat (worn)
Jewellery
 y - an amulet of magic regeneration (around neck)
 J - a ring of see invisible (left hand)
Wands
 c - a wand of polymorph (6/24)
 v - a wand of digging (15/24)
 x - a wand of digging (9/24)
 A - a wand of flame (31/48)
Scrolls
 a - 2 scrolls of enchant weapon
 g - 5 scrolls of remove curse
 j - 6 scrolls of identify
 m - a scroll of recharging
 n - a scroll of amnesia
 o - 2 scrolls of fear
 q - a scroll of enchant armour
 t - 5 scrolls of fog
 u - 2 scrolls of blinking
Potions
 s - 2 potions of resistance
 B - a potion of brilliance
 I - 2 potions of curing
Books
 r - the Almanac of Captivating Transmigration
   (You found it on level 10 of the Dungeon)

   Spells                             Type                      Level
   a - Sticks to Snakes               Transmutation                2
   b - Spectral Weapon                Hexes/Charms                 3
   c - Tukima's Dance                 Hexes                        3
   d - Fulminant Prism                Conjuration/Hexes            4
   e - Darkness                       Hexes                        6
Comestibles
 f - 10 bread rations
 i - 4 beef jerkies
 k - 8 meat rations
 l - 4 chunks of flesh
 w - 3 fruits
 E - 2 slices of pizza


   Skills:
 + Level 2.0 Fighting
   Level 4.1(4.2) Axes
   Level 0.6(2.6) Maces & Flails
 - Level 1.7 Throwing
 - Level 5.0 Armour
 - Level 3.0 Dodging
 * Level 12.5 Unarmed Combat
 - Level 7.0 Invocations
 + Level 8.7 Evocations


You had 10 spell levels left.
You didn't know any spells.

Dungeon Overview and Level Annotations

Branches:
Dungeon (11/15)            Temple (1/1) D:7            Lair (0/6) D:11
    Orc: D:9-12

Altars:
Ashenzari
Cheibriados
Dithmenos
Elyvilon
Fedhas
Gozag
Hepliaklqana
Kikubaaqudgha
Makhleb
Nemelex Xobeh
Okawaru
Qazlal
Ru
Sif Muna
Trog
Uskayaw
Vehumet
Xom
Yredelemnul
Zin
The Shining One

Shops:
D:9 [

Annotations:
D:11 Snorg


Innate Abilities, Weirdness & Mutations

You have a pair of antennae on your head.
You have very sharp fingernails.
A weak demonic guardian rushes to your aid.
You regenerate health from kills.
Your life essence is reduced. (-10% HP)
Your flesh is cold resistant. (rC+)


Message History

The orc warrior closely misses your quasit.
Your quasit bites Snorg.
Your quasit barely misses Snorg.
Your quasit claws Snorg.
Snorg completely misses your quasit. Snorg barely misses your quasit.
Snorg closely misses your quasit.
You hit Snorg.
Snorg is almost dead.
The orc wizard begins to cast a cantrip, but forgets the words!
Snorg barely misses you. Snorg claws you.
* * * LOW HITPOINT WARNING * * *
Snorg barely misses you.
Shatu-murrim hits Snorg with a dagger of draining.
Shatu-murrim drains Snorg!
Your quasit bites Snorg.
Your quasit claws Snorg. x2
The orc warrior hits your quasit with an enchanted flail!
Your quasit dies!
Snorg shouts!
You hit Snorg.
Snorg is almost dead.
The orc wizard mumbles some strange words.
Snorg bites you!!
You die...

.#.### ... #.# #.# ...... ..#
#.# #.# .#### #.# #.# ### .#
#.# #.# ## #.# #.# ###### #.#
#.# . .....#
#.#######.#########ooo.
.....####.##...5R.oooooo..oooo.
#.#(............@T###########o.
#...#####.######### ..........#
###########


You could see the friendly Shatu-murrim the hexer, Snorg (berserk), 2 orc
warriors, 2 orc wizards, 2 orcs and a friendly iron imp.

Vanquished Creatures
  Erica (D:11)
  An unseen horror (D:11)
  Pikel (D:9)
  A hill giant (D:10)
  An ugly thing (D:11)
  Maurice (D:9)
  A troll (D:9)
  A hippogriff (D:7)
  A spriggan (D:7)
  5 wraiths (D:11)
  4 yaks
  2 wyverns
  Edmund (D:5)
  A hungry ghost (D:11)
  A hornet zombie (D:11)
  2 orc warriors (D:11)
  3 ice beasts
  2 sky beasts
  2 black bears
  6 ogres
  2 necrophages
  5 centaurs
  2 big kobolds
  A bullfrog (D:9)
  A water moccasin zombie (D:5)
  A gnoll sergeant (D:11)
  A scorpion (D:6)
  11 killer bees
  9 wights
  A howler monkey (D:7)
  2 crimson imps (D:6)
  A quasit (D:5)
  4 bullfrog skeletons
  4 hounds
  3 jellies
  5 orc priests
  8 orc wizards
  6 iguanas
  Ijyb (D:3)
  5 worker ants
  A worker ant zombie (D:5)
  4 hound skeletons
  4 gnolls
  16 adders
  4 shadow imps
  An ooze (D:2)
  A worm (D:3)
  A dart slug (D:1)
  6 leopard geckos
  25 orcs
  6 giant cockroaches
  5 goblins
  15 hobgoblins
  11 jackals
  11 quokkas
  2 ball pythons
  15 bats
  6 frilled lizards
  28 kobolds
  A leopard gecko skeleton (D:5)
  6 rats
  2 plants (D:5)
282 creatures vanquished.

Vanquished Creatures (collateral kills)
  Josephine (D:11)
  A manticore (D:11)
  A hornet (D:8)
  Sigmund (D:5)
  2 yaks
  A necrophage (D:9)
  3 ice beasts
  A sky beast (D:5)
  2 centaurs (D:11)
  2 ogres
  2 bullfrogs
  A wyvern skeleton (D:10)
  3 killer bees (D:10)
  2 howler monkeys (D:7)
  A centaur zombie (D:11)
  A hound (D:9)
  An iguana (D:9)
  2 orc wizards
  A worker ant (D:5)
  A mummy (D:9)
  A worker ant zombie (D:9)
  2 adders (D:8)
  A shadow imp (D:5)
  An adder zombie (D:9)
  A dart slug (D:5)
  8 orcs
  A quokka (D:11)
  A kobold (D:5)
46 creatures vanquished.

Vanquished Creatures (others)
  2 slaves (D:9)
  A scorpion (D:9)
  4 hexers
  An adder (D:9)
  A bat (D:9)
  17 fungi (D:9)
26 creatures vanquished.

Grand Total: 354 creatures vanquished

Notes
Turn   | Place    | Note
-------+----------+-------------------------------------------
     0 | D:1      | sveltemanboy the Demonspawn Gladiator began the quest for the Orb.
     0 | D:1      | Reached XP level 1. HP: 16/16 MP: 1/1
   199 | D:1      | Gained mutation: A weak demonic guardian rushes to your aid. [demonic ancestry]
   199 | D:1      | Reached XP level 2. HP: 18/22 MP: 2/2
   410 | D:1      | Reached skill level 1 in Armour
   591 | D:2      | Gained mutation: You have a pair of small antennae on your head. [demonic ancestry]
   591 | D:2      | Reached XP level 3. HP: 27/27 MP: 3/3
  1248 | D:2      | Gained mutation: You have sharp fingernails. [demonic ancestry]
  1248 | D:2      | Reached XP level 4. HP: 29/33 MP: 4/4
  1666 | D:3      | Noticed Ijyb
  1673 | D:3      | Killed Ijyb
  1717 | D:3      | Found a radiant altar of Vehumet.
  1738 | D:3      | Gained mutation: You have very sharp fingernails. [demonic ancestry]
  1738 | D:3      | Reached XP level 5. HP: 34/38 MP: 5/5
  1764 | D:3      | Reached skill level 1 in Unarmed Combat
  2595 | D:3      | Reached skill level 2 in Unarmed Combat
  2864 | D:4      | Gained mutation: You regenerate a little health from kills. [demonic ancestry]
  2864 | D:4      | Reached XP level 6. HP: 23/44 MP: 6/6
  3447 | D:4      | Reached skill level 3 in Unarmed Combat
  3647 | D:4      | Reached skill level 4 in Unarmed Combat
  3681 | D:4      | Gained mutation: You have a pair of antennae on your head. [demonic ancestry]
  3681 | D:4      | Reached XP level 7. HP: 27/50 MP: 7/7
  4312 | D:5      | Entered Level 5 of the Dungeon
  4324 | D:5      | Reached skill level 5 in Unarmed Combat
  4355 | D:5      | Noticed Sigmund
  4368 | D:5      | Killed Sigmund
  4368 | D:5      | Reached skill level 1 in Evocations
  4484 | D:5      | Reached skill level 6 in Unarmed Combat
  4632 | D:5      | Noticed Edmund
  4660 | D:5      | Killed Edmund
  4660 | D:5      | Gained mutation: You regenerate health from kills. [demonic ancestry]
  4660 | D:5      | Reached XP level 8. HP: 23/56 MP: 9/9
  4967 | D:5      | Found a bloodstained altar of Trog.
  5383 | D:5      | Reached skill level 7 in Unarmed Combat
  5677 | D:6      | Found a stormy altar of Qazlal.
  5766 | D:6      | Reached skill level 8 in Unarmed Combat
  5933 | D:7      | Noticed a hippogriff
  5942 | D:7      | Killed a hippogriff
  5942 | D:7      | Reached XP level 9. HP: 58/61 MP: 12/12
  6066 | D:7      | Found a staircase to the Ecumenical Temple.
  6138 | Temple   | Entered the Ecumenical Temple
  6346 | Temple   | Became a worshipper of Hepliaklqana the Forgotten
  6486 | D:7      | Reached skill level 1 in Invocations
  6540 | D:7      | Reached skill level 5 in Evocations
  6879 | D:8      | Found a sacrificial altar of Ru.
  6879 | D:8      | Found a blossoming altar of Fedhas.
  6881 | D:8      | Found a shattered altar of Ashenzari.
  6902 | D:8      | Reached skill level 9 in Unarmed Combat
  7231 | D:8      | Reached * piety under Hepliaklqana
  7409 | D:8      | Found an iron altar of Okawaru.
  7580 | D:8      | Got an ancient copper ring
  7656 | D:8      | Found a snail-covered altar of Cheibriados.
  7670 | D:8      | Found a white marble altar of Elyvilon.
  7910 | D:9      | Noticed a troll
  7911 | D:9      | Noticed Maurice
  7922 | D:9      | HP: 1/54 [troll (8)]
  7929 | D:9      | Killed a troll
  7937 | D:9      | Reached skill level 5 in Invocations
  8325 | D:9      | Reached ** piety under Hepliaklqana
  8326 | D:9      | Remembered your ancestor Shatu-murrim as a hexer
  8331 | D:9      | Identified the cursed ring "Moxzaida" {Str-3 Stlth+} (You found it on level 8 of the Dungeon)
  8379 | D:9      | Reached skill level 10 in Unarmed Combat
  8379 | D:9      | Reached XP level 10. HP: 60/60 MP: 14/14
  8404 | D:9      | Gained mutation: Your flesh is cold resistant. (rC+) [potion of beneficial mutation]
  8483 | D:9      | Killed Maurice
  8518 | D:9      | Got a dazzling leather armour
  8544 | D:9      | Identified the +1 leather armour of the Thinker {rN+ Str+3} (You found it on level 9 of the Dungeon)
  8561 | D:9      | Found an opulent altar of Gozag.
  8872 | D:9      | Noticed Pikel
  8920 | D:9      | Killed Pikel
  8949 | D:9      | Found Kaaffia's Antique Armour Boutique.
  8957 | D:9      | Bought a translucent chain mail for 285 gold pieces
  8967 | D:9      | Identified the +6 chain mail "Mipewno" {MR+ Dex+2} (You bought it in a shop on level 9 of the Dungeon)
  9015 | D:10     | Entered Level 10 of the Dungeon
  9015 | D:10     | Noticed a hill giant
  9252 | D:10     | Killed a hill giant
  9476 | D:10     | Identified the Almanac of Captivating Transmigration
  9502 | D:10     | Found a shimmering altar of Xom.
  9502 | D:10     | Found a shimmering altar of Xom.
  9503 | D:10     | Found a shimmering altar of Xom.
  9503 | D:10     | Found a shimmering altar of Xom.
  9509 | D:10     | Found a shimmering altar of Xom.
  9510 | D:10     | Found a shimmering altar of Xom.
  9536 | D:10     | Reached skill level 11 in Unarmed Combat
  9660 | D:10     | Found a shimmering altar of Xom.
  9952 | D:10     | Noticed an unseen horror
  9952 | D:10     | Noticed a fire crab
  9952 | D:10     | Noticed a faun
  9952 | D:10     | an unseen horror changed into a faun
  9993 | D:10     | Noticed a deep troll
 10094 | D:11     | Upgraded the game from 0.20-a0-45-gb3e417c to 0.20-a0-46-g4a4b873
 10283 | D:11     | Noticed Josephine
 10299 | D:11     | Killed Josephine
 10299 | D:11     | Reached XP level 11. HP: 29/64 MP: 16/16
 10352 | D:11     | Reached *** piety under Hepliaklqana
 10438 | D:11     | Noticed a purple ugly thing
 10440 | D:11     | Noticed Erica
 10454 | D:11     | Killed a purple ugly thing
 10454 | D:11     | Reached skill level 12 in Unarmed Combat
 10464 | D:11     | Killed Erica
 10585 | D:11     | Found a staircase to the Lair.
 10821 | D:11     | Noticed an unseen horror
 10832 | D:11     | Killed an unseen horror
 10883 | D:11     | Reached skill level 5 in Armour
 11042 | D:11     | Noticed Snorg
 11093 | D:11     | Mangled by Snorg

Vault maps used:
D:1:      minmay_arrival_radiant_lines, serial_bayou_ford_a
D:2:      kb_forest_paths, first_bread
D:3:      nicolae_overflow_hidden_temple, grunt_ministairs_4, uniq_iyjb
D:4:      sigmund_army
D:5:      kennysheep_kobold_camp, trog_butcher_becter, uniq_sigmund, uniq_edmund
D:6:      nicolae_qazlal_general_emergency
D:7:      the_bakery
D:8:      gammafunk_temple_overflow_forgotten, okawaru_gym_becter,
          chequers_temple_overflow_statue_of_worship, lemuel_another_geyser
D:9:      old_forge, serial_undead, serial_undead_d, serial_undead_f,
          serial_undead_b, serial_undead_c, serial_shops, shop,
          grunt_gozag_statues, uniq_maurice, uniq_pikel
D:10:     basic_altar, xom_shifter_show
D:11:     lair_0_dummy, david_orc_4, uniq_snorg, uniq_erica, uniq_josephine
Temple:   eino_temple_water

Skill      XL: |  1  2  3  4  5  6  7  8  9 10 11 |
---------------+----------------------------------+-----
Dodging        | 3 |  3.0
Axes           | 3 4 |  4.1
Armour         | 1 2 3 5 |  5.0
Unarmed Combat | 2 4 6 8 10 11 12 | 12.5
Evocations     | 2 4 6 7 8 |  8.7
Invocations    | 5 7 |  7.0
Fighting       | |  2.0
Maces & Flails | |  0.6
Throwing       | |  1.7

Action                   |  1- 3 |  4- 6 |  7- 9 | 10-12 || total
-------------------------+-------+-------+-------+-------++-------
Melee: War axe           |   124 |    78 |       |       ||   202
       Whip              |       |    30 |       |       ||    30
       Unarmed           |       |   221 |   551 |   415 ||  1187
       Punch             |       |     4 |    14 |    21 ||    39
Throw: Throwing net      |     4 |     5 |     1 |       ||    10
       Tomahawk          |       |     4 |     1 |       ||     5
Invok: Ancestor Life: He |       |       |     1 |       ||     1
       Recall Ancestor   |       |       |       |     1 ||     1
Evoke: Wand              |       |       |       |     7 ||     7
  Use: Potion            |     2 |     1 |     3 |     4 ||    10
       Scroll            |       |       |    14 |     3 ||    17
 Stab: Held in net/web   |       |       |     1 |       ||     1
       Distracted        |       |       |     4 |     7 ||    11
       Confused          |       |       |       |     2 ||     2
       Invisible         |       |       |       |     3 ||     3
  Eat: Chunk             |     1 |     9 |    15 |    11 ||    36
Armor: Leather armour    |    26 |       |       |       ||    26
       Ring mail         |    27 |   106 |   179 |    31 ||   343
       Skin              |     6 |       |       |       ||     6
       Chain mail        |       |       |       |   215 ||   215
Dodge: Dodged            |   100 |   184 |   330 |   168 ||   782
